General information
- name: BNet
- type: Ladder team game (AT/RT)
- host: Battle.net
- saver: $$$C.R.E.A.M$$$
map: Deadlock
- players: 8
- length: 38:24
- speed: Fast
- version: 1.28 W3XP
- replay type: Public
» download(239 KB)
Players
team 1 (winner)

»
KiD (
orange | 45 APM | 1131 actions | 25:11)
3 Mountain King
2 Storm Bolt
1 Bash
1 Paladin
1 Holy Light
» actions
| Basic commands | 22 | |
| Build / train | 87 | |
| Enter build submenu | 25 | |
| Enter hero's abilities submenu | 4 | |
| Give item / drop item | 2 | |
| Right click | 696 | |
| Select / deselect | 238 | |
| Use ability | 57 | |
1131 total
» units
| Peasant | 16 | |
| Footman | 20 | |
| Knight | 11 | |
47 total
» upgrades
| Plating | 3 | |
| Swords | 3 | |
| Animal War Training | 1 | |
| Lumber Harvesting | 2 | |
| Masonry | 2 | |
11 total
» buildings
| Barracks | 2 | |
| Farm | 8 | |
| Lumber Mill | 1 | |
| Altar of Kings | 1 | |
| Arcane Vault | 1 | |
| Blacksmith | 1 | |
| Town Hall | 2 | |
| Keep | 1 | |
| Scout Tower | 6 | |
| Castle | 1 | |
| Arcane Tower | 3 | |
| Guard Tower | 4 | |
31 total
» build order
00:26 Barracks
00:32 Farm
00:39 Lumber Mill
00:53 Barracks
02:01 Altar of Kings
02:19 Farm
02:30 Farm
03:01 Farm
03:31 Farm
03:55 Arcane Vault
04:54 Blacksmith
05:18 Town Hall
06:04 Keep
06:31 Scout Tower
06:39 Scout Tower
06:46 Scout Tower
09:28 Castle
09:30 Arcane Tower
09:32 Arcane Tower
09:34 Arcane Tower
10:37 Farm
10:42 Farm
13:53 Farm
17:38 Scout Tower
17:42 Scout Tower
18:01 Guard Tower
18:07 Guard Tower
18:07 Guard Tower
18:12 Scout Tower
18:50 Guard Tower
19:41 Town Hall
» items
| Boots of Speed | 1 | |
| Circlet of Nobility | 1 | |
| Dust of Appearance | 1 | |
| Scroll of Protection | 1 | |
| Scroll of Regeneration | 2 | |
| Lesser Clarity Potion | 2 | |
| Ivory Tower | 3 | |
| Orb of Fire | 1 | |
| Potion of Mana | 1 | |
| Scroll of Town Portal | 1 | |
14 total
GoldIsKing (
pink | 117 APM | 4477 actions | 38:24)
8 Archmage
3 Summon Water Elemental
3 Brilliance Aura
1 Blizzard
1 Mass Teleport
4 Mountain King
2 Storm Bolt
2 Bash
» actions
| Assign group hotkey | 114 | |
| Basic commands | 282 | |
| Build / train | 226 | |
| ESC pressed | 2 | |
| Enter build submenu | 65 | |
| Enter hero's abilities submenu | 14 | |
| Give item / drop item | 22 | |
| Right click | 1364 | |
| Select / deselect | 576 | |
| Select group hotkey | 1522 | |
| Use ability | 290 | |
4477 total
» units
| Peasant | 17 | |
| Footman | 9 | |
| Sorceress | 4 | |
| Gryphon Rider | 4 | |
| Priest | 2 | |
| Rifleman | 3 | |
| Spell Breaker | 2 | |
41 total
» upgrades
| Swords | 3 | |
| Masonry | 3 | |
| Armor | 3 | |
| Sorceress Training | 2 | |
| Lumber Harvesting | 2 | |
| Animal War Training | 1 | |
| Storm Hammers | 1 | |
| Priest Training | 2 | |
| Gunpowder | 3 | |
| Long Rifles | 1 | |
| Plating | 3 | |
| Control Magic | 1 | |
| Magic Sentry | 1 | |
26 total
» buildings
| Altar of Kings | 1 | |
| Farm | 10 | |
| Barracks | 2 | |
| Arcane Vault | 1 | |
| Blacksmith | 1 | |
| Lumber Mill | 1 | |
| Town Hall | 4 | |
| Scout Tower | 37 | |
| Keep | 2 | |
| Arcane Tower | 3 | |
| Guard Tower | 67 | |
| Castle | 3 | |
| Arcane Sanctum | 3 | |
| Gryphon Aviary | 2 | |
137 total
» build order
00:51 Altar of Kings
00:53 Farm
01:07 Barracks
01:10 Farm
01:16 Farm
01:36 Arcane Vault
02:23 Blacksmith
02:42 Lumber Mill
03:13 Farm
04:07 Town Hall
04:10 Scout Tower
04:57 Keep
04:58 Keep
05:10 Arcane Tower
05:24 Scout Tower
05:54 Arcane Tower
06:34 Scout Tower
06:38 Scout Tower
07:02 Scout Tower
07:03 Scout Tower
07:04 Scout Tower
07:06 Scout Tower
07:12 Guard Tower
07:12 Guard Tower
07:14 Guard Tower
07:14 Guard Tower
07:40 Castle
07:40 Castle
08:53 Guard Tower
09:02 Arcane Sanctum
09:05 Gryphon Aviary
09:37 Gryphon Aviary
09:52 Scout Tower
09:56 Scout Tower
11:16 Guard Tower
11:29 Farm
13:50 Scout Tower
14:45 Guard Tower
15:23 Barracks
15:30 Arcane Sanctum
15:33 Arcane Sanctum
16:42 Farm
16:42 Farm
16:49 Farm
18:39 Scout Tower
18:44 Scout Tower
19:28 Guard Tower
19:28 Guard Tower
19:28 Guard Tower
19:42 Farm
19:45 Guard Tower
19:46 Guard Tower
19:46 Guard Tower
19:49 Farm
20:23 Town Hall
20:26 Scout Tower
20:27 Scout Tower
20:28 Scout Tower
20:29 Scout Tower
20:31 Scout Tower
21:00 Guard Tower
21:00 Guard Tower
21:00 Guard Tower
21:01 Guard Tower
21:02 Guard Tower
21:02 Guard Tower
21:08 Guard Tower
21:08 Guard Tower
21:08 Guard Tower
21:57 Guard Tower
21:57 Guard Tower
23:15 Guard Tower
23:15 Guard Tower
23:21 Scout Tower
23:22 Scout Tower
23:23 Scout Tower
24:02 Guard Tower
24:03 Guard Tower
27:56 Scout Tower
27:57 Scout Tower
27:59 Scout Tower
28:01 Scout Tower
28:06 Scout Tower
28:10 Scout Tower
28:37 Guard Tower
28:38 Guard Tower
28:38 Guard Tower
28:38 Guard Tower
28:42 Guard Tower
28:43 Guard Tower
28:43 Guard Tower
28:43 Guard Tower
32:07 Town Hall
32:49 Scout Tower
32:50 Scout Tower
32:51 Scout Tower
32:53 Scout Tower
32:54 Scout Tower
32:55 Scout Tower
32:57 Scout Tower
32:57 Scout Tower
32:58 Scout Tower
32:59 Scout Tower
33:31 Guard Tower
33:31 Guard Tower
33:31 Guard Tower
33:31 Guard Tower
33:38 Guard Tower
33:38 Guard Tower
34:02 Guard Tower
34:02 Guard Tower
34:03 Guard Tower
34:03 Guard Tower
34:08 Guard Tower
34:08 Guard Tower
37:45 Town Hall
» items
| Scroll of Regeneration | 6 | |
| Mechanical Critter | 6 | |
| Periapt of Vitality | 2 | |
| Staff of Teleportation | 1 | |
| Potion of Lesser Invulnerability | 2 | |
| Scroll of Town Portal | 2 | |
| Potion of Invisibility | 5 | |
| Tome of Retraining | 1 | |
| Staff of Sanctuary | 1 | |
| Boots of Speed | 1 | |
| Circlet of Nobility | 1 | |
| Scroll of Protection | 1 | |
| Orb of Fire | 1 | |
30 total

»
dusty_cl.itoris (
blue | 36 APM | 455 actions | 12:43)
2 Mountain King
1 Storm Bolt
1 Bash
» actions
| Assign group hotkey | 13 | |
| Basic commands | 4 | |
| Build / train | 43 | |
| Enter build submenu | 21 | |
| Enter hero's abilities submenu | 2 | |
| Give item / drop item | 1 | |
| Right click | 102 | |
| Select / deselect | 136 | |
| Select group hotkey | 101 | |
| Use ability | 32 | |
455 total
» units
| Peasant | 10 | |
| Footman | 12 | |
| Rifleman | 4 | |
26 total
» upgrades
| Defend | 1 | |
| Masonry | 1 | |
| Long Rifles | 1 | |
3 total
» buildings
| Altar of Kings | 1 | |
| Farm | 6 | |
| Barracks | 1 | |
| Arcane Vault | 1 | |
| Lumber Mill | 1 | |
| Scout Tower | 7 | |
| Guard Tower | 4 | |
| Keep | 1 | |
| Arcane Tower | 2 | |
| Blacksmith | 1 | |
| Arcane Sanctum | 1 | |
26 total
» build order
00:14 Altar of Kings
00:15 Farm
00:33 Barracks
00:57 Farm
01:59 Farm
02:16 Arcane Vault
02:45 Farm
03:33 Farm
03:41 Lumber Mill
05:28 Scout Tower
05:45 Scout Tower
05:49 Scout Tower
06:00 Scout Tower
06:01 Guard Tower
06:19 Guard Tower
06:21 Scout Tower
07:14 Guard Tower
07:17 Keep
08:02 Arcane Tower
08:06 Scout Tower
08:08 Scout Tower
08:20 Blacksmith
09:16 Farm
09:19 Arcane Tower
09:21 Guard Tower
10:56 Arcane Sanctum
» items
| Boots of Speed | 1 | |
| Scroll of Regeneration | 1 | |
| Lesser Clarity Potion | 1 | |
| Scroll of Town Portal | 1 | |
4 total

»
Blood4oil (
yellow | 38 APM | 1455 actions | 38:24)
4 Crypt Lord
2 Carrion Beetles
2 Spiked Carapace
1 Death Knight
1 Death Coil
» actions
| Assign group hotkey | 39 | |
| Basic commands | 8 | |
| Build / train | 161 | |
| Enter build submenu | 19 | |
| Enter hero's abilities submenu | 5 | |
| Remove unit from queue | 8 | |
| Right click | 608 | |
| Select / deselect | 336 | |
| Select group hotkey | 203 | |
| Use ability | 68 | |
1455 total
» units
| Acolyte | 15 | |
| Ghoul | 11 | |
| Crypt Fiend | 35 | |
| Necromancer | 17 | |
| Obsidian Statue | 8 | |
| Meatwagon | 3 | |
| Gargoyle | 1 | |
90 total
» upgrades
| Web | 1 | |
| Creature Attack | 3 | |
| Creature Carapace | 2 | |
| Skeletal Longevity | 1 | |
| Necromancer Training | 1 | |
| Exhume Corpses | 1 | |
| Unholy Strength | 2 | |
| Skeletal Mastery | 1 | |
12 total
» buildings
| Graveyard | 1 | |
| Crypt | 2 | |
| Altar of Darkness | 1 | |
| Ziggurat | 8 | |
| Tomb of Relics | 1 | |
| Nerubian Tower | 2 | |
| Halls of the Dead | 5 | |
| Spirit Tower | 16 | |
| Temple of the Damned | 1 | |
| Slaughterhouse | 1 | |
| Black Citadel | 2 | |
40 total
» build order
00:26 Graveyard
00:34 Crypt
00:48 Altar of Darkness
01:03 Ziggurat
01:18 Tomb of Relics
01:59 Nerubian Tower
02:12 Ziggurat
04:29 Halls of the Dead
04:29 Halls of the Dead
04:30 Halls of the Dead
05:19 Ziggurat
05:39 Ziggurat
05:43 Ziggurat
05:58 Ziggurat
06:15 Nerubian Tower
06:35 Spirit Tower
06:35 Spirit Tower
06:35 Spirit Tower
07:25 Spirit Tower
07:25 Spirit Tower
07:26 Spirit Tower
07:29 Spirit Tower
07:29 Spirit Tower
07:30 Spirit Tower
07:30 Spirit Tower
08:33 Spirit Tower
08:34 Spirit Tower
09:14 Temple of the Damned
09:50 Slaughterhouse
15:41 Ziggurat
15:47 Ziggurat
18:49 Black Citadel
18:51 Spirit Tower
21:54 Crypt
» items
| Rod of Necromancy | 1 | |
| Sacrificial Skull | 4 | |
| Dust of Appearance | 1 | |
| Potion of Healing | 2 | |
| Mechanical Critter | 1 | |
| Scroll of Town Portal | 1 | |
10 total
team 2 (loser)
$$$C.R.E.A.M$$$ (
red | 66 APM | 2554 actions | 38:24)
7 Blademaster
3 Wind Walk
3 Critical Strike
1 Bladestorm
7 Shadow Hunter
2 Hex
3 Healing Wave
1 Big Bad Voodoo
1 Serpent Ward
» actions
| Assign group hotkey | 23 | |
| Basic commands | 115 | |
| Build / train | 82 | |
| Enter build submenu | 37 | |
| Enter hero's abilities submenu | 14 | |
| Give item / drop item | 13 | |
| Remove unit from queue | 1 | |
| Right click | 1016 | |
| Select / deselect | 390 | |
| Select group hotkey | 729 | |
| Use ability | 133 | |
2554 total
» units
» upgrades
| Ranged Weapons | 3 | |
| Armor | 3 | |
| Envenomed Spears | 1 | |
| Reinforced Defenses | 1 | |
| Spiked Barricades | 1 | |
9 total
» buildings
| Orc Burrow | 4 | |
| Altar of Storms | 1 | |
| War Mill | 3 | |
| Voodoo Lounge | 2 | |
| Stronghold | 2 | |
| Watch Tower | 18 | |
| Beastiary | 3 | |
| Great Hall | 4 | |
| Fortress | 1 | |
38 total
» build order
00:11 Orc Burrow
01:10 Altar of Storms
01:17 War Mill
01:30 Orc Burrow
01:44 Voodoo Lounge
02:41 Stronghold
03:04 Watch Tower
03:06 Watch Tower
03:22 Watch Tower
03:33 Watch Tower
04:29 Orc Burrow
04:32 Orc Burrow
05:38 Beastiary
05:40 Beastiary
10:08 War Mill
10:36 Great Hall
12:34 Watch Tower
12:34 Watch Tower
12:35 Watch Tower
12:35 Watch Tower
13:55 Fortress
14:45 Watch Tower
14:47 Watch Tower
14:48 Watch Tower
14:50 Watch Tower
14:52 Watch Tower
16:52 Beastiary
21:30 War Mill
22:50 Voodoo Lounge
23:42 Great Hall
25:06 Watch Tower
25:07 Watch Tower
25:07 Watch Tower
25:08 Watch Tower
25:08 Watch Tower
30:39 Great Hall
30:41 Great Hall
» items
| Healing Salve | 4 | |
| Lesser Clarity Potion | 3 | |
| Potion of Mana | 3 | |
| Boots of Speed | 2 | |
| Staff of Teleportation | 2 | |
| Scroll of Town Portal | 3 | |
| Periapt of Vitality | 2 | |
| Potion of Lesser Invulnerability | 2 | |
| Orb of Lightning | 1 | |
| Tiny Great Hall | 1 | |
| Potion of Healing | 1 | |
24 total
QUEEN-CERSEI (
green | 51 APM | 1925 actions | 37:48)
6 Blademaster
3 Wind Walk
2 Critical Strike
1 Bladestorm
5 Shadow Hunter
2 Hex
3 Healing Wave
» actions
| Assign group hotkey | 34 | |
| Basic commands | 120 | |
| Build / train | 66 | |
| Enter build submenu | 17 | |
| Enter hero's abilities submenu | 12 | |
| Give item / drop item | 1 | |
| Remove unit from queue | 2 | |
| Right click | 805 | |
| Select / deselect | 267 | |
| Select group hotkey | 530 | |
| Use ability | 71 | |
1925 total
» units
» upgrades
| Ranged Weapons | 3 | |
| Armor | 2 | |
| Reinforced Defenses | 1 | |
| Envenomed Spears | 1 | |
7 total
» buildings
| Altar of Storms | 1 | |
| Orc Burrow | 6 | |
| Voodoo Lounge | 1 | |
| Stronghold | 1 | |
| War Mill | 1 | |
| Beastiary | 3 | |
| Fortress | 2 | |
| Great Hall | 5 | |
| Watch Tower | 6 | |
26 total
» build order
00:07 Altar of Storms
00:18 Orc Burrow
01:20 Voodoo Lounge
02:07 Stronghold
02:20 War Mill
03:02 Orc Burrow
03:03 Orc Burrow
03:03 Orc Burrow
04:30 Beastiary
04:31 Beastiary
08:10 Fortress
08:11 Fortress
08:59 Great Hall
09:58 Watch Tower
09:58 Watch Tower
09:59 Watch Tower
09:59 Watch Tower
10:11 Orc Burrow
10:41 Orc Burrow
13:44 Great Hall
14:15 Beastiary
15:16 Great Hall
22:02 Great Hall
23:13 Great Hall
23:16 Watch Tower
23:16 Watch Tower
» items
| Healing Salve | 2 | |
| Lesser Clarity Potion | 1 | |
| Staff of Teleportation | 2 | |
| Scroll of Town Portal | 1 | |
| Orb of Lightning | 1 | |
7 total

»
King_Steve (
teal | 27 APM | 1014 actions | 37:37)
3 Death Knight
2 Death Coil
1 Death Pact
» actions
| Assign group hotkey | 9 | |
| Build / train | 53 | |
| Enter build submenu | 34 | |
| Enter hero's abilities submenu | 3 | |
| Right click | 445 | |
| Select / deselect | 406 | |
| Select group hotkey | 21 | |
| Use ability | 43 | |
1014 total
» units
| Acolyte | 14 | |
| Ghoul | 8 | |
| Crypt Fiend | 2 | |
| Gargoyle | 9 | |
| Frost Wyrm | 4 | |
37 total
» upgrades
| Cannibalize | 1 | |
| Web | 1 | |
| Creature Attack | 1 | |
| Creature Carapace | 1 | |
| Stone Form | 1 | |
5 total
» buildings
| Altar of Darkness | 1 | |
| Ziggurat | 10 | |
| Crypt | 3 | |
| Graveyard | 2 | |
| Tomb of Relics | 1 | |
| Halls of the Dead | 2 | |
| Sacrificial Pit | 1 | |
| Spirit Tower | 4 | |
| Black Citadel | 1 | |
| Boneyard | 4 | |
| Necropolis | 1 | |
30 total
» build order
00:26 Altar of Darkness
00:46 Ziggurat
01:13 Crypt
01:26 Graveyard
02:31 Tomb of Relics
03:10 Ziggurat
03:44 Ziggurat
03:55 Halls of the Dead
03:59 Crypt
05:58 Ziggurat
06:34 Sacrificial Pit
08:03 Spirit Tower
09:37 Spirit Tower
10:29 Black Citadel
10:33 Spirit Tower
13:39 Boneyard
13:44 Boneyard
14:40 Spirit Tower
15:21 Ziggurat
15:50 Ziggurat
15:59 Ziggurat
18:26 Boneyard
18:49 Boneyard
19:04 Ziggurat
25:11 Necropolis
25:48 Ziggurat
27:39 Ziggurat
28:13 Halls of the Dead
29:34 Crypt
29:46 Graveyard
raflord(reborn (
purple | 49 APM | 1888 actions | 38:24)
7 Tauren Chieftain
3 War Stomp
3 Endurance Aura
1 Reincarnation
» actions
| Assign group hotkey | 14 | |
| Basic commands | 112 | |
| Build / train | 77 | |
| Enter build submenu | 16 | |
| Enter hero's abilities submenu | 7 | |
| Right click | 987 | |
| Select / deselect | 308 | |
| Select group hotkey | 224 | |
| Use ability | 142 | |
1888 total
» units
| Peon | 9 | |
| Grunt | 12 | |
| Razormane Medicine Man | 15 | |
| Centaur Outrunner | 3 | |
| Harpy Rogue | 5 | |
| Harpy Windwitch | 6 | |
50 total
» upgrades
| Pillage | 1 | |
| Armor | 3 | |
| Melee Weapons | 3 | |
| Berserker Strength | 1 | |
8 total
» buildings
| Barracks | 1 | |
| Orc Burrow | 8 | |
| Altar of Storms | 1 | |
| Voodoo Lounge | 1 | |
| War Mill | 1 | |
| Stronghold | 1 | |
| Great Hall | 3 | |
| Fortress | 3 | |
| Watch Tower | 1 | |
20 total
» build order
00:05 Barracks
00:15 Orc Burrow
00:31 Altar of Storms
01:31 Orc Burrow
02:20 Voodoo Lounge
03:08 Orc Burrow
04:24 War Mill
05:05 Orc Burrow
05:24 Stronghold
12:26 Orc Burrow
12:32 Orc Burrow
12:36 Orc Burrow
12:44 Great Hall
13:31 Fortress
13:31 Fortress
13:53 Orc Burrow
20:14 Watch Tower
20:55 Great Hall
27:01 Great Hall
» items
| Healing Salve | 3 | |
| Lesser Clarity Potion | 3 | |
| Scroll of Town Portal | 1 | |
7 total
Chat log
(00:56 / All) $$$C.R.E.A.M$$$: IT'S THE HARD KNOCK LIFE FOR US
(02:14 / Allies) QUEEN-CERSEI: purp can u help me expo plz
(02:39 / Allies) QUEEN-CERSEI: come
(02:42 / Allies) QUEEN-CERSEI: purple
(02:45 / Allies) QUEEN-CERSEI: fat cow
(02:45 / Allies) King_Steve: i wish they would bring back old warcraft
(02:49 / Allies) QUEEN-CERSEI: holy shit
(02:52 / Allies) QUEEN-CERSEI: purple is retarded
(02:58 / Allies) $$$C.R.E.A.M$$$: be nice
(02:59 / Allies) $$$C.R.E.A.M$$$: we team
(03:15 / Allies) QUEEN-CERSEI: fuck tha tim gonna leech exp now
(05:07 / Allies) $$$C.R.E.A.M$$$: gold
(05:29 / Allies) QUEEN-CERSEI: lets get
(05:30 / Allies) QUEEN-CERSEI: mk
(06:03 / All) QUEEN-CERSEI: out blue
(06:04 / All) QUEEN-CERSEI: hacker
(06:10 / Allies) $$$C.R.E.A.M$$$: tower
(06:25 / Allies) QUEEN-CERSEI: i heal u
(07:34 / Allies) QUEEN-CERSEI: seriously
(07:35 / All) QUEEN-CERSEI: seriously
(07:37 / All) QUEEN-CERSEI: fuck pruple and teal
(07:38 / All) $$$C.R.E.A.M$$$: fucking human faggots
(07:40 / All) QUEEN-CERSEI: both idiots dont listen
(07:41 / All) $$$C.R.E.A.M$$$: keep taking boots
(07:47 / All) $$$C.R.E.A.M$$$: lawl
(07:56 / All) $$$C.R.E.A.M$$$: didn't think the cooldown was that quick
(08:02 / Allies) $$$C.R.E.A.M$$$: gold
(08:08 / All) GoldIsKing: teal sucks big time
(08:12 / Allies) $$$C.R.E.A.M$$$: gold plz
(08:15 / All) QUEEN-CERSEI: purp is owrse
(08:17 / All) QUEEN-CERSEI: not evn listening
(08:21 / Allies) $$$C.R.E.A.M$$$: gold please purp
(08:24 / Allies) $$$C.R.E.A.M$$$: let's hit blue
(08:25 / Allies) $$$C.R.E.A.M$$$: green
(08:28 / All) GoldIsKing: he just lost all his units to 4 footies and am
(08:33 / Allies) QUEEN-CERSEI: get expo fist
(09:02 / Allies) QUEEN-CERSEI: tp
(09:04 / Allies) QUEEN-CERSEI: need heal
(09:24 / Allies) QUEEN-CERSEI: lets hit somewhere niggas
(09:39 / Allies) raflord(reborn: WAIT FOR HEAL
(09:40 / Allies) $$$C.R.E.A.M$$$: go
(09:42 / Allies) $$$C.R.E.A.M$$$: go
(09:45 / Allies) $$$C.R.E.A.M$$$: go
(09:54 / Allies) QUEEN-CERSEI: expos fools not main
(09:56 / All) $$$C.R.E.A.M$$$: worthless
(09:58 / Allies) $$$C.R.E.A.M$$$: out
(10:10 / Allies) $$$C.R.E.A.M$$$: gold
(10:11 / Allies) $$$C.R.E.A.M$$$: gold
(10:11 / Allies) $$$C.R.E.A.M$$$: gold
(10:16 / Allies) QUEEN-CERSEI: stay at red
(10:21 / Allies) $$$C.R.E.A.M$$$: GODL
(10:41 / Allies) $$$C.R.E.A.M$$$: oh
(10:45 / Allies) $$$C.R.E.A.M$$$: I thought purp was other team lmao
(10:53 / Allies) $$$C.R.E.A.M$$$: he came from bottom left
(11:06 / All) $$$C.R.E.A.M$$$: RAPED BITCH
(11:19 / Allies) $$$C.R.E.A.M$$$: PURP TAKE
(11:20 / Allies) $$$C.R.E.A.M$$$: TANK
(12:14 / All) GoldIsKing: I have noob allies
(12:25 / All) $$$C.R.E.A.M$$$: HEX IS KING
(13:07 / All) $$$C.R.E.A.M$$$: you llil motherfucking mher
(13:08 / Allies) raflord(reborn: HEALING WARD
(13:14 / All) $$$C.R.E.A.M$$$: lol
(13:18 / All) $$$C.R.E.A.M$$$: orange right away to it
(13:21 / All) QUEEN-CERSEI: fotie harass
(14:15 / Allies) $$$C.R.E.A.M$$$: gold
(14:15 / Allies) $$$C.R.E.A.M$$$: gold
(14:16 / Allies) $$$C.R.E.A.M$$$: gold
(15:25 / All) $$$C.R.E.A.M$$$: KiD = big time noob
(15:40 / All) $$$C.R.E.A.M$$$: catty little punk won't tk till game is in hand
(15:47 / All) $$$C.R.E.A.M$$$: but holds resentment in his weak bugman heart
(16:06 / All) QUEEN-CERSEI: wood me
(16:11 / All) $$$C.R.E.A.M$$$: raped noob
(16:14 / All) $$$C.R.E.A.M$$$: 2 hero kills for my stats
(16:43 / All) $$$C.R.E.A.M$$$: lucky tp noob
(16:56 / All) QUEEN-CERSEI: pink mh??
(18:06 / Allies) $$$C.R.E.A.M$$$: I'll be back
(18:27 / All) QUEEN-CERSEI: pink MH? ??
(18:31 / All) QUEEN-CERSEI: how u know i was there
(18:32 / All) GoldIsKing: owned noob
(20:58 / All) $$$C.R.E.A.M$$$: KID GOT RAPED LOL
(21:01 / All) $$$C.R.E.A.M$$$: SCRUB
(21:17 / All) $$$C.R.E.A.M$$$: gET MANNERS SCRUB
(21:55 / All) $$$C.R.E.A.M$$$: SCRUB LOL
(22:12 / Allies) $$$C.R.E.A.M$$$: finish it off
(22:14 / All) QUEEN-CERSEI: pink mH?
(22:40 / All) $$$C.R.E.A.M$$$: scrub
(22:42 / All) GoldIsKing: bad idea teal
(22:57 / All) $$$C.R.E.A.M$$$: I'll take your expo orange
(22:59 / All) $$$C.R.E.A.M$$$: do something about it
(23:03 / All) GoldIsKing: teal is this your first game ?
(23:03 / All) QUEEN-CERSEI: didnt even have to use tp staff on him
(23:07 / All) GoldIsKing: Play the campaign before multiplayer
(23:12 / Allies) King_Steve: no off and on
(23:35 / Allies) King_Steve: thought i did ok though
(24:16 / All) GoldIsKing: Orange and yellow are big noobs
(24:48 / All) $$$C.R.E.A.M$$$: PEONS ATTACK
(25:17 / All) $$$C.R.E.A.M$$$: scrub ass newbies!
(25:25 / All) $$$C.R.E.A.M$$$: CHARGE
(25:27 / All) $$$C.R.E.A.M$$$: CHARGE THIS MUTHAFUCKA
(25:28 / All) QUEEN-CERSEI: attakc hnub
(25:31 / All) $$$C.R.E.A.M$$$: BURN HIS VILLAGE TO THE GROUND
(25:41 / All) $$$C.R.E.A.M$$$: GO
(25:42 / All) $$$C.R.E.A.M$$$: GET EM
(25:55 / Allies) $$$C.R.E.A.M$$$: GO
(25:57 / Allies) $$$C.R.E.A.M$$$: GET EM
(26:00 / All) $$$C.R.E.A.M$$$: GET EM
(26:36 / All) $$$C.R.E.A.M$$$: WANT SOME
(26:37 / All) $$$C.R.E.A.M$$$: GET SOME
(26:57 / All) GoldIsKing: Teal are you an AI?
(27:06 / All) King_Steve: no just a human
(27:11 / All) GoldIsKing: you play like computer (easy)
(27:15 / All) Blood4oil: lol pink thinks he is good
(27:26 / All) $$$C.R.E.A.M$$$: I WISH YELLOW
(27:26 / All) QUEEN-CERSEI: uh pink killed teal and purple
(27:28 / All) QUEEN-CERSEI: he is good
(27:28 / All) $$$C.R.E.A.M$$$: AND ORANGE
(27:30 / All) $$$C.R.E.A.M$$$: WERE AI
(27:33 / All) $$$C.R.E.A.M$$$: THEN IT MIGHT BE A CHALLENGE
(27:36 / All) GoldIsKing: Yellow thinks he's better than me, what a joke
(28:23 / All) QUEEN-CERSEI: this is what you get purple
(28:26 / All) QUEEN-CERSEI: for not listening to me
(28:30 / All) QUEEN-CERSEI: at start of game
(28:31 / All) Blood4oil: you mean purples grunts?
(28:36 / Allies) raflord(reborn: lol like i care about a dip shit like you
(28:49 / All) QUEEN-CERSEI: time for you to leave, purple
(29:00 / All) QUEEN-CERSEI: u can go ahead and cancel that expo of urs
(29:02 / All) King_Steve: do you guys care about my needs
(29:04 / All) $$$C.R.E.A.M$$$: Yellow do you like being molested liek this?
(29:05 / Allies) raflord(reborn: lol yuou are delusional
(29:08 / All) $$$C.R.E.A.M$$$: Remind you of your childhood?
(29:12 / All) GoldIsKing: your "needs"?
(29:27 / All) QUEEN-CERSEI: trump is ur lord and savior, purple
(29:31 / Allies) raflord(reborn: my need are troling stpid yanks
(29:52 / All) QUEEN-CERSEI: america is the home of the free
(29:58 / Allies) raflord(reborn: america is aids
(30:11 / Allies) raflord(reborn: hoes hand in hand whith sis
(30:12 / All) King_Steve: no the isis members will murder us all
(30:13 / Allies) raflord(reborn: isis
(30:51 / All) raflord(reborn: pink attack green he backstabs
(30:58 / All) QUEEN-CERSEI: lawl
(31:01 / All) GoldIsKing: you're not the boss of me, pal
(31:09 / All) $$$C.R.E.A.M$$$: UR NOT THE BOSS OF ME
(31:10 / All) GoldIsKing: who do you think you are, purp?
(31:12 / All) $$$C.R.E.A.M$$$: UR NOT THE BOSS OF ME
(31:14 / All) $$$C.R.E.A.M$$$: AND UR NOT SO BIG
(31:17 / Allies) raflord(reborn: you autist or somehting?
(31:44 / Allies) $$$C.R.E.A.M$$$: trying to steal my land
(31:51 / Allies) $$$C.R.E.A.M$$$: that's my real estate
(31:53 / Allies) raflord(reborn: i recconize this ... my neighbour are wierdos aswell
(31:53 / Allies) $$$C.R.E.A.M$$$: I fought for it
(31:56 / All) QUEEN-CERSEI: ILL REINFORCE U
(31:58 / All) QUEEN-CERSEI: TEAL
(32:21 / All) QUEEN-CERSEI: yes
(32:36 / All) QUEEN-CERSEI: teal we're gonna teach u the ropes
(32:44 / All) $$$C.R.E.A.M$$$: You messed up Jo Jo's top knot, fucker
(32:46 / All) QUEEN-CERSEI: u can win if u leave ur computer on for a week straight
(33:01 / All) GoldIsKing: Everyone listen up
(33:05 / All) GoldIsKing: red green and I were in this together
(33:09 / All) King_Steve: i dont touch my pc very much these days
(33:13 / All) GoldIsKing: we;re going to kill everything including our own units
(33:19 / All) GoldIsKing: and there will be no way to kill each other
(33:25 / All) GoldIsKing: Will you all leave your pcs on all night for the win/
(33:27 / All) GoldIsKing: ?/
(33:41 / All) King_Steve: sure i guess
(34:42 / All) King_Steve: everyone must have the maps of this game memorized by now
(36:05 / All) $$$C.R.E.A.M$$$: dem dwarf scum kept taking the boots of speed
(36:43 / All) King_Steve: i wish i could do this in real life
(36:55 / All) GoldIsKing: do what
(36:56 / Allies) raflord(reborn: youtube it first
(37:04 / All) King_Steve: its my dream come true
(37:21 / All) QUEEN-CERSEI: may the best internet connection
(37:48 / All) GoldIsKing: ready?
(38:15 / All) GoldIsKing: bad luck, don't have fun
(38:22 / All) $$$C.R.E.A.M$$$: good luck friends!